 Dungeon Crawl Stone Soup version 0.21.1-1-g345015fe64 (webtiles) character file.

802 ILYA101 the Insei (level 7, -3/55 HPs)
             Began as a Purple Draconian Transmuter on July 8, 2018.
             Blown up by Pikel (16 damage)
             ... with a wand of disintegration (9)
             ... on level 4 of the Dungeon.
             The game lasted 00:14:42 (4778 turns).

ILYA101 the Insei (Purple Draconian Transmuter)     Turns: 4778, Time: 00:14:43

Health: -3/55      AC:  7    Str: 13    XL:     7   Next: 59%
Magic:  9/12       EV: 13    Int: 13    God:
Gold:   221        SH:  4    Dex: 13    Spells: 9/13 levels left

rFire    . . .     SeeInvis .     - Unarmed
rCold    . . .     Gourm    .   h - +0 buckler
rNeg     . . .     Faith    .   (armour unavailable)
rPois    .         Spirit   .   (helmet restricted)
rElec    .         Reflect  .   (no cloak)
rCorr    .         Harm     .   k - +0 pair of gloves
MR       +....                  (no boots)
Stlth    ++........             (no amulet)
HPRegen  0.18/turn              (no ring)
MPRegen  0.13/turn              (no ring)

@: short of breath, appendage, very slightly contaminated
A: breathe power, unfitting armour, horns 2, cold-blooded, AC +6
a: Breathe Dispelling Energy, End Transformation


You were on level 4 of the Dungeon.
You were hungry.
You had grown temporary horns.
You visited 1 branch of the dungeon, and saw 4 of its levels.
You also visited: Sewer.

You collected 221 gold pieces.

Inventory:

Missiles
 a - 44 arrows
Armour
 h - a +0 buckler (worn)
 k - a +0 pair of gloves (worn)
Scrolls
 e - a scroll of noise
 f - a scroll of enchant weapon
 r - 4 scrolls of remove curse
 t - a scroll of blinking {unknown}
 w - a scroll of teleportation
Potions
 d - a potion of magic {unknown}
 g - a potion of might {unknown}
 i - a potion of haste {unknown}
 j - a potion of degeneration {unknown}
 m - a potion of lignification {unknown}
 n - a potion of ambrosia {unknown}
 o - 2 potions of brilliance {unknown}
 p - a potion of heal wounds {unknown}
 q - a potion of invisibility {unknown}
 s - a potion of cancellation {unknown}
 v - a potion of flight {unknown}
Books
 b - a book of Changes

   Spells                             Type                      Level
   a - Beastly Appendage              Transmutation                1
   b - Sticks to Snakes               Transmutation                2
   c - Spider Form                    Transmutation/Poison         3
   d - Ice Form                       Ice/Transmutation            4
   e - Blade Hands                    Transmutation                5
 u - a book of Battle

   Spells                             Type                      Level
   a - Infusion                       Charms                       1
   b - Shroud of Golubria             Charms/Translocation         2
   c - Song of Slaying                Charms                       2
   d - Spectral Weapon                Hexes/Charms                 3
   e - Regeneration                   Charms/Necromancy            3
Comestibles
 c - 7 rations


   Skills:
 + Level 2.0 Fighting
 + Level 3.8 Dodging
 + Level 1.3 Stealth
 + Level 1.5 Shields
 + Level 6.9 Unarmed Combat
 + Level 3.5 Spellcasting
 + Level 2.9 Transmutations
 + Level 0.1 Poison Magic


You had 9 spell levels left.
You knew the following spells:

 Your Spells              Type           Power        Failure   Level  Hunger
a - Beastly Appendage     Tmut           #.....       9%          1    #......
b - Spider Form           Tmut/Pois      #.........   43%         3    ###....


Dungeon Overview and Level Annotations

Branches:
Dungeon (4/15)
 Temple: D:4-7

Altars:

Annotations:
D:2 Natasha
D:4 Pikel


Innate Abilities, Weirdness & Mutations

You can breathe bolts of dispelling energy.
Your rich purple scales are hard. (AC +6)
You cannot fit into any form of body armour.
You are cold-blooded and may be slowed by cold attacks.
You have a pair of horns on your head.


Message History

Pikel is almost dead.
The bolt of dispelling energy hits the slave.
The slave is moderately wounded.
You are feeling hungry.
Pikel hits you with a whip of freezing.
* * * LOW HITPOINT WARNING * * *
Pikel freezes you.
* * * LOW HITPOINT WARNING * * *
You barely miss Pikel.
Pikel is almost dead.
You closely miss Pikel.
Pikel is almost dead.
Pikel closely misses you.
You closely miss Pikel. You headbutt Pikel, but do no damage.
Pikel is almost dead.
Pikel hits you but does no damage.
You hit Pikel.
Your tail-slap misses Pikel.
Pikel is almost dead.
Pikel zaps a wand.
You are blasted!
You die...

####.#........#
#.###..#.#
.............##
#.##..##.# ####....##...#
#.##.##..# .......##..###
##.##.#..## ####.......#
#..##.#.## ###.......##
#.###.#.# .........####
##.# #.#.#
#.###......(####..# #.#.#
).#......##...##@## #.#.#
....###........#K####.#.#
..#####..####...p##.....#
..# #......##..p........#
### #......####..##.....#
#.)....# #.........#
#......# #........>#
#......# #..##.....#
#......# #..##...(.#


You could see Pikel and 2 slaves.

Vanquished Creatures
  Sigmund (D:3)
  Purgy (Sewer)
  A phantom (D:3)
  An ogre (D:4)
  Crazy Yiuf (D:2)
  An orc priest (D:4)
  A hound (D:2)
  2 orc wizards
  Jessica (D:2)
  A worker ant (D:4)
  Robin (D:2)
  9 adders
  An ooze (D:3)
  2 worms
  3 dart slugs
  3 leopard geckos
  3 orcs
  12 bats
  3 giant cockroaches
  13 goblins
  9 hobgoblins
  4 jackals (D:4)
  A ball python skeleton (D:4)
  3 frilled lizards
  13 kobolds
  7 rats
98 creatures vanquished.

Notes
Turn   | Place    | Note
-------+----------+-------------------------------------------
     0 | D:1      | ILYA101 the Draconian Transmuter began the quest for the Orb.
     0 | D:1      | Reached XP level 1. HP: 16/16 MP: 3/3
   353 | D:1      | Reached XP level 2. HP: 13/23 MP: 5/5
   883 | D:2      | Reached XP level 3. HP: 10/28 MP: 4/6
  1176 | D:2      | Noticed Natasha
  1198 | D:2      | Reached skill level 4 in Unarmed Combat
  1428 | D:2      | Reached XP level 4. HP: 24/35 MP: 7/7
  1594 | D:2      | Noticed Jessica
  1610 | D:2      | Killed Jessica
  2120 | D:2      | Found a runed door.
  2300 | D:2      | Noticed Crazy Yiuf
  2311 | D:2      | Killed Crazy Yiuf
  2311 | D:2      | Reached XP level 5. HP: 10/40 MP: 6/8
  2578 | D:3      | Noticed Robin
  2607 | D:2      | Killed Robin
  2790 | D:3      | Reached skill level 5 in Unarmed Combat
  2973 | D:3      | Noticed a phantom
  3014 | D:3      | Killed a phantom
  3014 | D:3      | Reached skill level 1 in Stealth
  3014 | D:3      | Reached XP level 6. HP: 32/47 MP: 9/9
  3115 | D:3      | Learned a level 3 spell: Spider Form
  3270 | D:3      | Noticed Sigmund
  3425 | D:3      | Killed Sigmund
  3425 | D:3      | Reached skill level 1 in Shields
  3425 | D:3      | Reached skill level 6 in Unarmed Combat
  3763 | D:3      | Your scales start taking on a rich purple colour.
  3763 | D:3      | Reached XP level 7. HP: 34/53 MP: 8/11
  4276 | D:4      | Found a glowing drain.
  4305 | Sewer    | Entered a sewer
  4441 | Sewer    | Noticed Purgy
  4566 | Sewer    | Killed Purgy
  4751 | D:4      | Noticed Pikel
  4778 | D:4      | Blown up by Pikel

Skill      XL: |  1  2  3  4  5  6  7 |
---------------+----------------------+-----
Dodging        | 2 3 |  3.8
Unarmed Combat | 4 5 6 |  6.9
Stealth        | 1 |  1.3
Shields        | 1 |  1.5
Spellcasting   | 3 |  3.5
Fighting       | 2 |  2.0
Transmutations | |  2.9
Poison Magic   | |  0.1

Action                   |  1- 3 |  4- 6 |  7- 9 || total
-------------------------+-------+-------+-------++-------
Melee: Unarmed           |    97 |   202 |    96 ||   395
       Tailslap          |     6 |    24 |    13 ||    43
       Punch             |     2 |       |       ||     2
       Headbutt          |     5 |     8 |     6 ||    19
       Kick              |       |    12 |     2 ||    14
 Cast: Beastly Appendage |     3 |    13 |     6 ||    22
       Spider Form       |       |       |     1 ||     1
 Abil: Breathe Dispellin |       |       |     2 ||     2
  Use: Scroll            |     5 |     4 |       ||     9
       Potion            |       |     1 |       ||     1
 Stab: Sleeping          |       |     1 |     2 ||     3
  Eat: Chunk             |     2 |     4 |     4 ||    10
       Ration            |       |     1 |       ||     1
Armor: Skin              |    23 |    62 |    23 ||   108
Dodge: Dodged            |    59 |   127 |    42 ||   228
Block: Buckler           |     1 |    40 |    23 ||    64
